 Seeded DCSS version 0.30.1-4-g462c640d31 (webtiles) character file.

Game seed: 15140874439476535185 (custom seed)

3260 Psyclone the Destroyer (level 10, -2/63 HPs)
             Began as an Octopode Conjurer on Sept 18, 2023.
             Was an Initiate of Gozag.
             Slain by a centaur (4 damage)
             ... on level 8 of the Dungeon.
             The game lasted 00:27:48 (9257 turns).

Psyclone the Destroyer (Octopode Conjurer)          Turns: 9257, Time: 00:27:49

Health: -2/63      AC:  3    Str:  9    XL:     10   Next: 0%
Magic:  14/24      EV: 14    Int: 25    God:    Gozag
Gold:   687        SH:  0    Dex: 11    Spells: 18/25 levels left

rFire   + . .        a - +0 rapier
rCold   . . .        (no shield)
rNeg    . . .        (helmet restricted)
rPois   .            l - amulet of magic regeneration
rElec   .            k - ring of the Mage {Wiz Archmagi}
rCorr   .            m - ring of Freedom {rF+ Will+ Str+3 Stlth+}
SInv    .            (no ring)
Will    ++...        (no ring)
Stlth   ++++         (no ring)
HPRegen 0.30/turn    (no ring)
MPRegen 0.59/turn    (no ring)
                     (no ring)

%: wizardry (x1), archmagi
@: very slightly contaminated
A: almost no armour, amphibious, 8 rings, camouflage 1, gelatinous body 1,
(nimble swimmer 1), tentacles, iridescent scales 1, high MP 1, strong-willed 1
a: Renounce Religion, Potion Petition, Call Merchant, Bribe Branch


You were on level 8 of the Dungeon.
You worshipped Gozag.
Gozag was pleased with you.
You visited 2 branches of the dungeon, and saw 9 of its levels.

You collected 1309 gold pieces.
You spent 598 gold pieces at shops.
You paid 24 gold pieces to Gozag.

Inventory:

Hand Weapons
 a - a +0 rapier (weapon)
Magical Staves
 u - a staff of poison
Jewellery
 k - the ring of the Mage (left tentacle) {Wiz Archmagi}
   (You bought it in a shop on level 3 of the Dungeon)

   [ring of wizardry]

   It improves your spell success rate.
   Archmagi:  It increases the power of your magical spells.
 l - an amulet of magic regeneration (around mantle)
 m - the ring of Freedom (right tentacle) {rF+ Will+ Str+3 Stlth+}
   (You acquired it on level 6 of the Dungeon)

   [ring of protection from fire]

   Str:       It affects your strength (+3).
   rF:        It protects you from fire.
   Will:      It increases your willpower.
   Stlth:     It makes you more stealthy.
 p - a ring of ice
Wands
 s - a wand of roots (21)
 x - a wand of polymorph (5)
 z - a wand of digging (3)
Scrolls
 b - 5 scrolls of teleportation
 d - 3 scrolls of fog
 h - 2 scrolls of fear
 n - 3 scrolls of noise
 o - 2 scrolls of identify {@r1}
 t - a scroll of poison
 v - 3 scrolls of immolation
 w - a scroll of brand weapon
 y - a scroll of blinking
 A - a scroll of enchant weapon {unknown}
Potions
 c - a potion of resistance
 e - 2 potions of flight {unknown}
 f - 9 potions of curing
 g - 4 potions of magic
 i - 2 potions of haste
 j - 2 potions of heal wounds
 q - 2 potions of cancellation
 r - a potion of invisibility


   Skills:
 + Level 3.8 Fighting
 + Level 4.4 Dodging
 - Level 2.6 Stealth
 - Level 8.0 Spellcasting
 - Level 8.0 Conjurations
 - Level 6.0 Hexes


You had 18 spell levels left.
You knew the following spells:

 Your Spells              Type           Power      Damage    Failure   Level
a - Magic Dart            Conj           100%       1d8       1%          1
b - Searing Ray           Conj           100%       2d8       1%          2
d - Fulminant Prism       Conj/Hex       30%        3d16      1%          4

Your spell library contained the following spells:

 Spells                   Type           Power      Damage    Failure   Level
 Dazzling Flash           Conj/Hex       100%       N/A       1%          3
 Stone Arrow              Conj/Erth      90%        3d12      1%          3
 Sandblast                Erth           30%        2d9       2%          1
 Portal Projectile        Hex/Tloc       74%        N/A       2%          3
 Passwall                 Tmut/Erth      12%        N/A       3%          2
 Sublimation of Blood     Necr           15%        N/A       3%          2
 Wereblood                Tmut           15%        N/A       3%          2
 Iskenderun's Mystic Bla  Conj/Tloc      45%        2d10      4%          4
 Leda's Liquefaction      Hex/Erth       18%        N/A       7%          4
 Call Canine Familiar     Summ           15%        N/A       8%          3
 Irradiate                Conj/Tmut      22%        3d19      13%         5
 Petrify                  Tmut/Erth      15%        N/A       24%         4
 Haunt                    Necr/Summ      7%         N/A       100%        7
 Summon Hydra             Summ           7%         N/A       100%        7
 Infestation              Necr           7%         N/A       100%        8
 Animate Dead             Necr           Unusable   N/A       N/A         4

Dungeon Overview and Level Annotations

Branches:
Dungeon (8/15) Zot: 26900  Temple (1/1) D:7 Zot: 5979
   Lair: D:8-11

Altars:
Ashenzari
Cheibriados
Dithmenos
Elyvilon
Fedhas
Gozag
Hepliaklqana
Kikubaaqudgha
Makhleb
Nemelex Xobeh
Okawaru
Ru
Sif Muna
Trog
Uskayaw
Vehumet
Wu Jian
Xom
Yredelemnul
Zin
The Shining One

Shops:
D:3 (=?==   D:7 *


Innate Abilities, Weirdness & Mutations

You cannot wear most types of armour.
You are amphibious.
You can wear up to eight rings at the same time.
Your skin changes colour to match your surroundings (Stealth+).
Your rubbery body absorbs attacks. (AC +1, EV +1)
((You are camouflaged when in or above water. (Stealth+)))
You have tentacles for arms and can constrict up to eight enemies at once.
You are partially covered in iridescent scales. (AC +2)
You have an increased reservoir of magic. (+10% MP)
You are strong-willed. (Will+)


Message History

The centaur completely misses you.
You now have 16/24 mp.
The searing ray misses the centaur.
You feel sick. The centaur barely misses you. The centaur kicks you.
* * * LOW HITPOINT WARNING * * *
The centaur closely misses you. The centaur kicks you.
* * * LOW HITPOINT WARNING * * *
You take 4 damage, and have 15/63 hp.
You now have 15/24 mp.
The searing ray hits the centaur!
The centaur is almost dead.
You feel sick. The centaur misses you. The centaur kicks you.
* * * LOW HITPOINT WARNING * * *
You take 2 damage, and have 13/63 hp.
The searing ray hits the centaur.
The centaur is almost dead.
You finish channelling your searing ray.
You feel sick. The centaur hits you.
* * * LOW HITPOINT WARNING * * *
The centaur kicks you.
* * * LOW HITPOINT WARNING * * *
The centaur barely misses you.
The centaur kicks you but does no damage.
You take 7 damage, and have 6/63 hp.
You now have 14/24 mp.
Casting: Searing Ray (safe; 1% risk of failure)
Confirm with . or Enter, or press ? or * to list all spells.
Aiming: Searing Ray (safe; 1% risk of failure)
Press: ? - help, Shift-Dir - straight line, f/p - centaur
Aim: a centaur (almost dead, 90% to hit)
You feel a surge of power!
You miscast Searing Ray.
You are very lightly contaminated with residual magic.
Nothing appears to happen.
You feel sick.
You are no longer poisoned.
The centaur misses you. The centaur kicks you.
* * * LOW HITPOINT WARNING * * *
You take 2 damage, and have 4/63 hp.
You now have 13/24 mp.
The centaur hits you.
* * * LOW HITPOINT WARNING * * *
The centaur barely misses you. The centaur hits you.
You die...
Your body crumbles into a pile of gold.

$ #.....# ##.....# $
.....[.# ##......#
#....$..# #####
#....>..######...# $
#..c$.?..(.......# #
#..@#######......###
#.$#....≈##.......##
#..#....≈##....##.##
#..#....≈##....##.##
#.?#≈≈≈≈≈#.....##.##
#########'.....##...
#########>.. ####
#..


You could see a centaur.

Vanquished Creatures
  An ice statue (D:7)
  Grinder (D:3)
  A steam dragon (D:7)
  An acid dragon (D:6)
  A water moccasin (D:7)
  A black bear (D:5)
  Duvessa (D:7)
  4 ice beasts
  3 orc warriors
  A sky beast (D:6)
  4 ogres
  A centaur (D:5)
  A phantom (D:4)
  A scorpion (D:6)
  Dowan (D:7)
  A jelly (D:7)
  4 killer bees (D:8)
  2 howler monkeys
  2 hounds
  2 orc priests
  3 iguanas
  4 orc wizards
  3 sleepcaps
  9 adders
  A shadow imp (D:6)
  A white imp (D:6)
  2 ufetubi
  A worm (D:2)
  6 dart slugs
  13 orcs
  5 bats
  14 endoplasms
  5 goblins
  8 hobgoblins
  5 jackals
  7 kobolds
  4 quokkas
  3 ball pythons
  2 frilled lizards
  11 rats
  A spectral orc (D:7)
142 creatures vanquished.

Vanquished Creatures (others)
  25 fulminant prisms
25 creatures vanquished.

Grand Total: 167 creatures vanquished

Notes
Turn   | Place    | Note
-------+----------+-------------------------------------------
     0 | D:1      | Psyclone the Octopode Conjurer began the quest for the Orb.
     0 | D:1      | Reached XP level 1. HP: 11/11 MP: 3/3
   153 | D:1      | Reached XP level 2. HP: 9/17 MP: 3/5
   350 | D:1      | Learned a level 2 spell: Searing Ray
   521 | D:1      | Reached XP level 3. HP: 21/21 MP: 0/6
   613 | D:1      | Reached skill level 5 in Conjurations
  1323 | D:2      | Found an opulent altar of Gozag.
  1329 | D:2      | Found a faded altar of an unknown god.
  1331 | D:2      | Became a worshipper of Gozag Ym Sagoz the Greedy
  1803 | D:2      | Reached XP level 4. HP: 27/27 MP: 2/7
  2578 | D:2      | Learned a level 4 spell: Fulminant Prism
  2681 | D:3      | Found Zyskustre's Antique Weapon Shop.
  2707 | D:3      | Noticed an ogre
  2714 | D:3      | Killed an ogre
  2715 | D:3      | Reached XP level 5. HP: 31/31 MP: 1/8
  2814 | D:3      | Found Elailiep's Magic Scroll Shop.
  2876 | D:3      | Found Janib's Jewellery Shop.
  2932 | D:3      | Found Kuar's Jewellery Boutique.
  3155 | D:3      | Noticed Grinder
  3157 | D:3      | Paralysed by Grinder for 2 turns
  3168 | D:3      | Paralysed by Grinder for 2 turns
  3174 | D:3      | Killed Grinder
  3175 | D:3      | Reached XP level 6. HP: 29/36 MP: 0/9
  3353 | D:3      | Found a shimmering blue altar of Sif Muna.
  3435 | D:3      | Bought a scroll of teleportation for 33 gold pieces
  3435 | D:3      | Bought a scroll of noise for 11 gold pieces
  3435 | D:3      | Bought a scroll of identify for 22 gold pieces
  3435 | D:3      | Bought a scroll of identify for 22 gold pieces
  3475 | D:3      | Found Wikeh's Jewellery Shoppe.
  3871 | D:4      | Reached skill level 5 in Hexes
  3984 | D:4      | Reached XP level 7. HP: 41/41 MP: 7/10
  4597 | D:5      | Entered Level 5 of the Dungeon
  4968 | D:5      | Reached XP level 8. HP: 46/46 MP: 4/14
  5316 | D:5      | Reached skill level 5 in Spellcasting
  5960 | D:5      | Gained mutation: You are strong-willed. (Will+) [potion of
                  | mutation]
  5960 | D:5      | Gained mutation: You are partially covered in iridescent
                  | scales. (AC +2) [potion of mutation]
  5960 | D:5      | Gained mutation: You have an increased reservoir of magic.
                  | (+10% MP) [potion of mutation]
  6543 | D:3      | Bought the ring of the Mage {Wiz Archmagi} for 510 gold
                  | pieces
  6543 | D:3      | Found the ring of the Mage {Wiz Archmagi}
  7123 | D:6      | Found a broken altar of Ashenzari.
  7179 | D:6      | Reached XP level 9. HP: 41/51 MP: 15/21
  8027 | D:6      | Identified a scroll of acquirement
  8027 | D:6      | Acquired the ring of Freedom {rF+ Will+ Str+3 Stlth+}
  8086 | D:7      | Found Bicsyux's Neck Hole.
  8305 | D:7      | Found an ancient bone altar of Kikubaaqudgha.
  8310 | D:7      | Found a shimmering altar of Xom.
  8318 | D:7      | Found an opulent altar of Gozag.
  8322 | D:7      | Found an iron altar of Okawaru.
  8336 | D:7      | Found a hide-covered altar of Uskayaw.
  8349 | D:7      | Found a sacrificial altar of Ru.
  8360 | D:7      | Found a staircase to the Ecumenical Temple.
  8375 | Temple   | Entered the Ecumenical Temple
  8450 | D:7      | Noticed Duvessa
  8458 | D:7      | Killed Duvessa
  8464 | D:7      | Noticed Dowan
  8467 | D:7      | Killed Dowan
  8468 | D:7      | Reached skill level 1 in Fighting
  8549 | D:7      | Found a glowing silver altar of Zin.
  8908 | D:7      | Noticed an ice statue
  8916 | D:7      | Killed an ice statue
  9043 | D:7      | Found a basalt altar of Yredelemnul.
  9248 | D:8      | Reached XP level 10. HP: 38/63 MP: 15/24
  9257 | D:8      | HP: 2/63 [centaur (2)]
  9257 | D:8      | Slain by a centaur

Illustrated notes

Levels and vault maps discovered:
D:1:      lightli_arrival_isolated_outpost, layout_basic
D:2:      minmay_alternating_diamond, layout_basic, basic_altar,
          basic_ecumenical_altar, serial_forest, infiniplex_forest_end_2,
          infiniplex_forest_clump_curved, infiniplex_forest_lined_2,
          infiniplex_forest_pool, infiniplex_forest_lined_3,
          infiniplex_forest_clump_curved
D:3:      layout_rooms, led_sif_pool, serial_shops,
          nicolae_shop_window_shopping, shop, shop,
          nicolae_shop_just_a_little_nook, nicolae_shop_real_fake_doors,
          minmay_misc_feat_x, st_stairs_9, uniq_grinder
D:4:      layout_loops_ring, minivault_11
D:5:      layout_loops_ring
D:6:      layout_layer_cave, general_overflow_altar
D:7:      lemuel_ice_statue, layout_basic, mainiacjoe_overflow_surrounded_room,
          nicolae_overflow_hallway_of_the_gods,
          yredelemnul_forgotten_temple_becter,
          nicolae_shop_sticking_my_neck_out, uniq_duvessa
D:8:      layout_basic, enter_ossuary_3, gammafunk_ghost_nasty_kobolds,
          serial_rivers, chequers_serial_rivers_micro_a,
          chequers_serial_rivers_small_b, chequers_serial_rivers_micro_d,
          chequers_serial_rivers_room_a, chequers_serial_rivers_room_a
Temple:   minmay_freezing_vapour_temple

Skill      XL: |  1  2  3  4  5  6  7  8  9 |
---------------+----------------------------+-----
Conjurations   | 5 6 7 8 |  8.0
Hexes          | 2 4 5 6 |  6.0
Spellcasting   | 4 7 8 |  8.0
Fighting       | 3 |  3.8
Dodging        | 4 |  4.4
Stealth        | |  2.6

Action                     |  1- 3 |  4- 6 |  7- 9 | 10-12 || total
---------------------------+-------+-------+-------+-------++-------
  Melee: Unarmed           |     7 |       |       |       ||     7
         Spear             |     6 |       |       |       ||     6
         Tentacles         |    10 |     3 |       |       ||    13
         Constrict         |     9 |       |       |       ||     9
         Rapier            |    18 |    17 |    12 |       ||    47
   Cast: Magic Dart        |    67 |    63 |    59 |       ||   189
         Searing Ray       |       |     6 |    45 |     1 ||    52
         Fulminant Prism   |       |       |    25 |       ||    25
    Use: Scroll            |       |     4 |     7 |       ||    11
         Potion            |       |       |     8 |       ||     8
   Stab: Sleeping          |     2 |     1 |     1 |       ||     4
 Armour: Skin              |     1 |     1 |     5 |     1 ||     8
  Dodge: Dodged            |    23 |    11 |    38 |     9 ||    81
